 Dungeon Crawl Stone Soup version 0.31-a0-232-gb1c03b2570 (webtiles) character file.

Game seed: 16686788837682698124

65 qw the Shooter (level 4, -1/26 HPs)
             Began as a Gargoyle Hexslinger on July 6, 2023.
             Slain by an orc priest
             ... wielding a +0 club
              (3 damage)
             ... on level 3 of the Dungeon.
             The game lasted 00:00:42 (1670 turns).

qw the Shooter (Gargoyle Hexslinger)                Turns: 1670, Time: 00:00:43

Health: -1/26      AC: 10    Str: 12    XL:     4   Next: 14%
Magic:  0/5        EV: 10    Int: 13    God:
Gold:   95         SH:  0    Dex: 14    Spells: 4/5 levels left

rFire   . . .        Y - +2 sling
rCold   . . .        (no shield)
rNeg    + . .        f - +0 ring mail
rPois   inf          (no helmet)
rElec   +            g - +0 cloak
rCorr   .            (no gloves)
SInv    .            b - +0 pair of boots
Will    .....        k - amulet of guardian spirit
Stlth   +            (no ring)
HPRegen 0.24/turn    (no ring)
MPRegen 0.09/turn

%: guardian spirit
@: no status effects
A: sickness immunity, AC +3, negative energy resistance 1, electricity
resistance, torment resistance 1, petrification resistance
a: no special abilities


You were on level 3 of the Dungeon.
You visited 1 branch of the dungeon, and saw 3 of its levels.

You collected 95 gold pieces.


Innate Abilities, Weirdness & Mutations

You are immune to sickness and miasma.
Your stone body is resilient. (AC +3)
You are immune to poison.
You resist negative energy. (rN+)
You are resistant to electric shocks. (rElec)
You are resistant to unholy torment.
You are immune to petrification.


   Skills:
 - Level 2.0 Fighting
 + Level 3.7 Ranged Weapons
 - Level 1.1 Armour
 - Level 1.5 Dodging
 - Level 1.0 Spellcasting
 - Level 2.6 Hexes


You had 4 spell levels left.
You knew the following spells:

 Your Spells              Type           Power      Damage    Failure   Level
a - Slow                  Hex            28%        N/A       22%         1

Your spell library contained the following spells:

 Spells                   Type           Power      Damage    Failure   Level
 Inner Flame              Hex/Fire       4%         N/A       73%         3
 Portal Projectile        Hex/Tloc       8%         N/A       73%         3
 Cause Fear               Hex            3%         N/A       91%         4

Inventory:

Hand Weapons
 Y - a +2 sling (weapon)
Armour
 b - a +0 pair of boots (worn)
 f - a +0 ring mail (worn)
 g - a +0 cloak (worn)
Jewellery
 k - an amulet of guardian spirit (around neck)
Scrolls
 a - 2 scrolls of teleportation
 c - 3 scrolls of identify
Potions
 d - a potion of curing
 e - a potion of heal wounds {unknown}
 h - a potion of brilliance {unknown}
 i - a potion of lignification {unknown}

Dungeon Overview and Level Annotations

Branches:
Dungeon (3/15)

Altars:


Message History

An orc priest comes into view. It is wielding a +0 club.
You shoot a sling bullet.
The sling bullet closely misses the orc priest.
The orc priest shouts!
You hear a shout!
You shoot a sling bullet.
The sling bullet closely misses the orc priest.
An orc priest comes into view. It is wielding a +0 mace.
The orc priest completely misses you.
The orc priest invokes the aid of Beogh against you.
Beogh smites you!
You shoot a sling bullet. The sling bullet hits the orc priest!
The orc priest is heavily wounded.
The orc priest closely misses you.
The orc priest calls upon Beogh to heal the orc priest.
The orc priest is healed somewhat.
The orc priest hits you but does no damage.
You shoot a sling bullet. The sling bullet hits the orc priest!
The orc priest is heavily wounded.
The orc priest hits you with a +0 flail.
The orc priest looks encouraged for a moment.
The orc priest hits you but does no damage.
The orc priest closely misses you.
The orc priest hits you but does no damage.
You shoot a sling bullet. The sling bullet hits the orc priest.
The orc priest is almost dead.
The orc priest mumbles some strange prayers to Beogh against you.
Beogh smites you!
You shoot a sling bullet.
The sling bullet closely misses the orc priest.
The sling bullet hits the orc priest.
The orc priest is moderately wounded.
The orc priest calls upon Beogh to heal the orc priest.
The orc priest's wounds heal themselves!
The orc priest completely misses you.
You shoot a sling bullet.
The sling bullet barely misses the orc priest.
The orc priest hits you with a +0 flail!
The orc priest hits you with a +0 club.
You die...

........##.......#...
........##..%....# .
#...............#
#...............#
#...............#
#...............#
#......##.........
#......#####......
#....o@# .....
#....oo# ##...
#.......o #...)....#
#........# #........#
#........# #........#


You could see 4 orc priests.

Vanquished Creatures
  2 adders
  An orc (D:3)
  9 bats
  2 giant cockroaches (D:1)
  8 hobgoblins
  6 kobolds
  3 quokkas
  3 ball pythons
  3 frilled lizards (D:1)
  3 goblins
  5 rats
45 creatures vanquished.

Notes
Turn   | Place    | Note
-------+----------+-------------------------------------------
     0 | D:1      | qw the Gargoyle Hexslinger began the quest for the Orb.
     0 | D:1      | Reached XP level 1. HP: 12/12 MP: 2/2
     0 | D:1      | 0 ||| qw: Version: 0.3-a-46-gb1f654a
     0 | D:1      | 0 ||| qw: Game counter: 2070
     0 | D:1      | 0 ||| qw: Melee chars always use a shield: true
     0 | D:1      | 0 ||| qw: God list: Okawaru
     0 | D:1      | 0 ||| qw: Allow faded altars: false
     0 | D:1      | 0 ||| qw: Do Orc after clearing Dungeon:15 true
     0 | D:1      | 0 ||| qw: Do second Lair branch before Depths: true
     0 | D:1      | 0 ||| qw: Lair rune preference: random
     0 | D:1      | 0 ||| qw: Goals: Normal
     0 | D:1      | 0 ||| PLANNING D:1-11
    66 | D:1      | Reached XP level 2. HP: 16/16 MP: 3/3
   126 | D:1      | Reached skill level 3 in Ranged Weapons
   402 | D:1      | Reached XP level 3. HP: 21/21 MP: 4/4
   641 | D:1      | 641 ||| UPGRADING to +0 ring mail.
   651 | D:1      | 651 ||| DROPPING +0 robe.
   652 | D:1      | 652 ||| UPGRADING to amulet of guardian spirit.
   657 | D:1      | 657 ||| READING scroll labelled OTEDAX ECYAG.
   660 | D:1      | 660 ||| READING scroll labelled VIMIMID EHAAG.
   661 | D:1      | 661 ||| READING scroll labelled OCVAGY NOZXEO.
   673 | D:1      | 673 ||| READING scroll labelled PINLIT ETEXE.
   674 | D:1      | 674 ||| DROPPING scroll of poison.
  1374 | D:2      | 1374 ||| UPGRADING to +0 pair of boots.
  1379 | D:2      | 1379 ||| UPGRADING to +0 cloak.
  1384 | D:2      | 1384 ||| READING scroll labelled TEELECZ OCLEXT.
  1385 | D:2      | 1385 ||| READING 3 scrolls labelled AQOSHR XAUFIB.
  1386 | D:2      | 1386 ||| READING scroll labelled JOINWO XAOCOL.
  1387 | D:2      | 1387 ||| READING scroll labelled DYOMOO TILU.
  1388 | D:2      | 1388 ||| READING 2 scrolls of identify.
  1388 | D:2      | 1388 ||| IDENTIFYING inky potion
  1576 | D:3      | Reached skill level 1 in Armour
  1576 | D:3      | Reached XP level 4. HP: 25/26 MP: 5/5
  1670 | D:3      | HP: 2/26 [orc priest/+0 flail (7)]
  1670 | D:3      | Slain by an orc priest

Levels and vault maps discovered:
D:1:      onia_arrival_mini_spirals, layout_basic
D:2:      layout_loops_ring, minmay_misc_feat_rows, kennysheep_donut,
          st_stairs_7
D:3:      layout_basic

Skill      XL: |  1  2  3 |
---------------+----------+-----
Ranged Weapons | 3 |  3.7
Fighting       | 2 |  2.0
Armour         | 1 |  1.1
Dodging        | |  1.5
Spellcasting   | |  1.0
Hexes          | |  2.6

Action                     |  1- 3 |  4- 6 || total
---------------------------+-------+-------++-------
   Fire: Sling             |   141 |    22 ||   163
    Use: Scroll            |     9 |       ||     9
 Armour: Robe              |    35 |       ||    35
         Ring mail         |    17 |     5 ||    22
  Dodge: Dodged            |    63 |     8 ||    71

Table legend:
 A = Non-vault XP
 B = Vault XP
 C = Vault XP percentage of total XP
 D = Non-vault monster count
 E = Vault monster count
 F = Vault count percentage of total count
                 A         B        C        D         E       F
            +---------+---------+-------+---------+---------+-------
      Total |      91 |       3 |   3.2 |      43 |       2 |   4.4
            +---------+---------+-------+---------+---------+-------
        D:1 |      41 |       0 |   0.0 |      25 |       0 |   0.0
        D:2 |      27 |       3 |  10.0 |      10 |       2 |  16.7
        D:3 |      23 |       0 |   0.0 |       8 |       0 |   0.0
            +---------+---------+-------+---------+---------+-------
